 Dungeon Crawl Stone Soup version 0.29.1-1-gd02db6906a (webtiles) character file.

Game seed: 15441241875329641137

196 Demigod47 the Cudgeller (level 5, -12/47 HPs)
             Began as a Minotaur Fighter on Oct 14, 2022.
             Killed by nerve-wracking pain
             ... invoked by a shadow imp
              (14 damage)
             ... on level 3 of the Dungeon.
             The game lasted 00:04:34 (3114 turns).

Demigod47 the Cudgeller (Minotaur Fighter)          Turns: 3114, Time: 00:04:35

Health: -12/47     AC: 10    Str: 22      XL:     5   Next: 46%
Magic:  4/4        EV: 11    Int:  5      God:
Gold:   203        SH:  4    Dex:  9 (10) Spells: 4/4 levels left

rFire   . . .      SeeInvis .   a - +0 flail
rCold   . . .      Faith    .   c - +0 buckler
rNeg    . . .      Spirit   .   n - +0 chain mail
rPois   .          Reflect  .   (helmet restricted)
rElec   .          Harm     .   k - +0 cloak
rCorr   .          Rampage  .   (no gloves)
Will    .....                   (no boots)
Stlth   ..........              (no amulet)
HPRegen 0.15/turn               l - +4 ring of evasion
MPRegen 0.09/turn               (no ring)

@: no status effects
A: horns 2, retaliatory headbutt
a: no special abilities


You were on level 3 of the Dungeon.
You visited 1 branch of the dungeon, and saw 3 of its levels.

You collected 203 gold pieces.

Inventory:

Hand Weapons
 a - a +0 flail (weapon)
Armour
 b - a +0 scale mail
 c - a +0 buckler (worn)
 k - a +0 cloak (worn)
 n - a +0 chain mail (worn)
Jewellery
 l - a +4 ring of evasion (left hand)
Wands
 q - a wand of acid (7)
 r - a wand of flame (50)
Scrolls
 f - 2 scrolls of noise
 g - 2 scrolls of magic mapping
 i - a scroll of poison
 j - a scroll of enchant armour
 m - 2 scrolls of brand weapon
 o - a scroll of teleportation {unknown}
 p - a scroll of enchant weapon {unknown}
Potions
 d - a potion of might
 e - a potion of lignification
 h - 2 potions of invisibility
 s - 2 potions of brilliance


   Skills:
 + Level 4.3 Fighting
 * Level 5.0 Maces & Flails
 + Level 4.7 Armour
 + Level 0.7 Dodging
 + Level 0.1 Stealth
 + Level 4.3 Shields


You had 4 spell levels left.
You didn't know any spells.
Your spell library was empty.

Dungeon Overview and Level Annotations

Branches:
Dungeon (3/15)

Altars:
Xom

Shops:
D:3 [

Annotations:
D:3 1 transporter


Innate Abilities, Weirdness & Mutations

You have a pair of horns on your head.
You reflexively headbutt those who attack you in melee.


Message History

The shadow imp shouts, "Scamper home, thou mewling hedge-born vassal!"
The ufetubus hits you but does no damage.
The ufetubus hits you.
The ufetubus hits you but does no damage. x2
The orc priest mumbles some strange prayers to Beogh against you.
Pain shoots through your body! The shadow imp gestures at you.
Pain shoots through your body!
A nearby plant withers and dies.
The ufetubus barely misses you.
The ufetubus hits you but does no damage.
The shadow imp gestures at you.
You barely resist. The ufetubus barely misses you.
The ufetubus hits you but does no damage.
The shadow imp lashes its tail.
The ufetubus barely misses you. The ufetubus hits you.
The kobold demonologist casts a spell.
The ufetubus closely misses you. The ufetubus barely misses you.
The ufetubus closely misses you.
The ufetubus hits you but does no damage.
The ufetubus attacks as you move away! The ufetubus misses you.
The ufetubus hits you. You block the ufetubus's attack.
The ufetubus closely misses you.
The kobold demonologist casts a spell.
The shadow imp gestures at you.
You barely resist.
The ufetubus disappears in a puff of smoke! x2
The shadow imp gestures at you. Pain shoots through your body!
* * * LOW HITPOINT WARNING * * *
The ufetubus closely misses you. You block the ufetubus's attack.
The ufetubus hits you but does no damage.
The ufetubus misses you.
The shadow imp shouts, "Slither away, thou quaking boil-brained horn-beast!"
You open the door. The ufetubus barely misses you. You furiously retaliate!
You headbutt the ufetubus. The ufetubus closely misses you.
The shadow imp gestures at you. Pain shoots through your body!
* * * LOW HITPOINT WARNING * * *
The shadow imp gestures at you. Pain shoots through your body!
You die...

.##.#.#
#.####'####..........##
###.#.#
#.#.≈...≈.#..........'.
###.#.#
#.#.≈...≈.#..........#.
....#.#
#.#.≈~~~≈5#..........+.
......#
#.#.≈~⌠~≈.#..........##
......#
#.#5≈~5~≈5#..)...>.....
......#
#.#5≈...≈K#.####))#####
......# #.#o≈.5.≈5#.#
#).# #######
#.####@####.# #..#
##_## #.#~..?..~#.#
#..##### #8...8
#.#8P$©$P8#.# #.......
#.....# #.#########.#
#.....#. 8.....8
#.....©.....# #.###.#.
##.....## #####...#...#
#.# #.#. #8...8#
#.(##...########.#. #
#.......'........#. #8
#.###...##########.


You could see a kobold demonologist, an iron imp (summoned), an orc priest, a
quasit (summoned), 4 shadow imps and an ufetubus (summoned).

Vanquished Creatures
  A scorpion (D:3)
  Terence (D:3)
  4 adders
  3 dart slugs (D:1)
  5 orcs (D:3)
  3 ball pythons
  5 endoplasms
  6 giant cockroaches
  2 goblins
  6 hobgoblins
  6 quokkas
  9 bats
  6 frilled lizards
  6 kobolds
  7 rats
70 creatures vanquished.

Vanquished Creatures (others)
  2 plants (D:3)
2 creatures vanquished.

Grand Total: 72 creatures vanquished

Notes
Turn   | Place    | Note
-------+----------+-------------------------------------------
     0 | D:1      | Demigod47 the Minotaur Fighter began the quest for the Orb.
     0 | D:1      | Reached XP level 1. HP: 19/19 MP: 0/0
   195 | D:1      | Reached XP level 2. HP: 27/27 MP: 1/1
   744 | D:1      | Reached skill level 3 in Maces & Flails
   744 | D:1      | Reached XP level 3. HP: 32/33 MP: 2/2
  2087 | D:3      | Reached XP level 4. HP: 40/40 MP: 3/3
  2138 | D:3      | Noticed Terence
  2148 | D:3      | Killed Terence
  2149 | D:3      | Reached skill level 4 in Maces & Flails
  2298 | D:3      | Noticed a kobold demonologist
  2302 | D:3      | Found a transporter.
  2396 | D:3      | Found a transporter.
  2455 | D:3      | Found Rinlu's Armour Boutique.
  2456 | D:3      | Noticed a scorpion
  2468 | D:3      | Killed a scorpion
  2469 | D:3      | Reached XP level 5. HP: 44/47 MP: 4/4
  2472 | D:3      | Reached skill level 5 in Maces & Flails
  2499 | D:3      | Found a shimmering altar of Xom.
  3113 | D:3      | HP: 2/47 [shadow imp/nerve-wracking pain (7)]
  3114 | D:3      | Killed from afar by a shadow imp

Illustrated notes

Levels and vault maps discovered:
D:1:      giann_horns, layout_loops_corners, minivault_24
D:2:      layout_basic, grunt_decor_clamped, minmay_misc_feat_five,
          kennysheep_generic_room_9
D:3:      gammafunk_wand_slinger, layout_basic, nicolae_overflow_hidden_temple,
          serial_shops, shop, uniq_terence

Skill      XL: |  1  2  3  4  5 |
---------------+----------------+-----
Shields        | 4 |  4.3
Armour         | 4 |  4.7
Fighting       | 4 |  4.3
Maces & Flails | 3 4 5 |  5.0
Dodging        | |  0.7
Stealth        | |  0.1

Action                   |  1- 3 |  4- 6 || total
-------------------------+-------+-------++-------
Melee: Flail             |    77 |    61 ||   138
       Headbutt          |    10 |    11 ||    21
  Use: Potion            |     6 |     2 ||     8
       Scroll            |     4 |     1 ||     5
Armor: Scale mail        |    21 |       ||    21
       Chain mail        |    14 |    44 ||    58
Dodge: Dodged            |    49 |    44 ||    93
Block: Buckler           |    21 |    17 ||    38
